 Dungeon Crawl Stone Soup version 0.31-a0-1589-g8f5e8aebd6 (webtiles) character file.

Game seed: 10250572106101147932

19544 Flugslaktarn the Thaumaturge (level 12, -1/79 HPs)
             Began as an Octopode Alchemist on Jan 6, 2024.
             Was a Believer of Sif Muna.
             Slain by a demonic crawler (7 damage)
             ... on level 12 of the Dungeon.
             The game lasted 00:20:52 (6671 turns).

Flugslaktarn the Thaumaturge (Octopode Alchemist)   Turns: 6671, Time: 00:20:52

Health: -1/79      AC: 14    Str: 12    XL:     12   Next: 70%
Magic:  41/47      EV: 19    Int: 22    God:    Sif Muna [**....]
Gold:   497        SH:  0    Dex: 13    Spells: 22/37 levels left

rFire   . . .        B - +4 short sword (drain)
rCold   . . .        (no shield)
rNeg    + . .        K - +2 hat
rPois   .            w - amulet of the acrobat
rElec   .            k - ring of positive energy
rCorr   .            h - ring of magical power
SInv    .            v - +5 ring of evasion
Will    .....        u - ring of the Rose {AC+4 Str+5 Stlth-}
Stlth   ++           L - ring of wizardry
HPRegen 0.33/turn    M - ring of magical power
MPRegen 0.30/turn    (no ring)
                     (no ring)

%: acrobat, wizardry (x1)
@: ice-armoured
A: almost no armour, amphibious, 8 rings, camouflage 1, gelatinous body 1,
(nimble swimmer 1), tentacles
a: Renounce Religion, Channel Magic


You were on level 12 of the Dungeon.
You worshipped Sif Muna.
Sif Muna was pleased with you.
You visited 2 branches of the dungeon, and saw 14 of its levels.
You also visited: Ossuary.

You collected 497 gold pieces.

Inventory:

Hand Weapons
 b - a +0 dagger
   (You took it off a goblin on level 1 of the Dungeon)
 f - a +1 long sword
   (You found it on level 2 of the Dungeon)
 B - a +4 short sword of draining (weapon)
   (You took it off Maurice on level 6 of the Dungeon)
 E - a +1 demon whip of electrocution
   (You found it on level 8 of the Dungeon)
 G - a +2 dagger of protection
   (You took it off an orc wizard on level 6 of the Dungeon)
Armour
 K - a +2 hat (worn)
   (You took it off Gastronok on level 8 of the Dungeon)
Magical Staves
 H - a staff of fire
   (You found it on level 9 of the Dungeon)
Jewellery
 h - a ring of magical power (right tentacle)
   (You found it on level 4 of the Dungeon)
 k - a ring of positive energy (left tentacle)
   (You found it on level 1 of the Dungeon)
 u - the ring of the Rose (on tentacle) {AC+4 Str+5 Stlth-}
   (You found it on level 6 of the Dungeon)

   [ring of protection]

   AC+4:      It affects your AC (+4).
   Str+5:     It affects your strength (+5).
   Stlth-:    It makes you less stealthy.
 v - a +5 ring of evasion (on tentacle)
   (You found it on level 3 of the Dungeon)
 w - an amulet of the acrobat (around mantle)
   (You found it on level 5 of the Dungeon)
 A - a ring of fire
   (You found it on level 2 of the Dungeon)
 L - a ring of wizardry (on tentacle)
   (You found it on level 8 of the Dungeon)
 M - a ring of magical power (on tentacle)
   (You found it on level 11 of the Dungeon)
Wands
 g - a wand of iceblast (1)
   (You took it off Maurice on level 6 of the Dungeon)
 n - a wand of paralysis (18)
   (You found it on level 7 of the Dungeon)
Scrolls
 c - 2 scrolls of amnesia
 e - a scroll of fear
 j - a scroll of noise
 m - 2 scrolls of immolation
 r - 2 scrolls of fog
 s - 3 scrolls of vulnerability
 t - 5 scrolls of teleportation
 y - a scroll of poison
 z - a scroll of blinking
 F - a scroll of enchant weapon
Potions
 a - 5 potions of magic
 d - 2 potions of might
 i - 2 potions of enlightenment
 l - a potion of ambrosia
 p - 3 potions of brilliance
 q - 3 potions of curing
 C - a potion of attraction {unknown}
 D - 2 potions of mutation
 J - a potion of berserk rage {unknown}


   Skills:
 - Level 6.0 Fighting
 - Level 5.0 Dodging
 - Level 2.6 Stealth
 + Level 13.0 Spellcasting
 - Level 3.0 Conjurations
 - Level 4.0 Fire Magic
 - Level 3.0 Ice Magic
 - Level 3.0 Earth Magic
 - Level 9.6 Alchemy
 - Level 6.0 Invocations
 - Level 6.0 Evocations


You had 22 spell levels left.
You knew the following spells:

 Your Spells              Type           Power      Damage    Failure   Level
a - Sting                 Conj/Alch      100%       1d9       1%          1
b - Olgreb's Toxic Radia  Alch           54%        N/A       1%          4
c - Sticky Flame          Fire/Alch      44%        2d8       1%          4
d - Ozocubu's Armour      Ice            27%        N/A       1%          3
e - Stone Arrow           Conj/Erth      54%        3d10      1%          3

Your spell library contained the following spells:

 Spells                   Type           Power      Damage    Failure   Level
 Sandblast                Erth           54%        2d13      1%          1
 Shock                    Conj/Air       80%        1d8       1%          1
 Mercury Vapours          Alch/Air       70%        N/A       1%          2
 Mephitic Cloud           Conj/Alch/Air  32%        N/A       1%          3
 Passwall                 Erth           27%        N/A       1%          3
 Fugue of the Fallen      Necr           14%        N/A       5%          3
 Swiftness                Air            14%        N/A       5%          3
 Brom's Barrelling Bould  Conj/Erth      27%        2d5       5%          4
 Airstrike                Air            7%         2d(1-17)  17%         4
 Manifold Assault         Tloc           14%        N/A       17%         4
 Conjure Ball Lightning   Conj/Air       10%        3x3d6     78%         6
 Discord                  Hex            7%         N/A       100%        8
 Disjunction              Tloc           7%         N/A       100%        8


Dungeon Overview and Level Annotations

Branches:
Dungeon (13/15)            Temple (1/1) D:6         Ossuary (visited)
   Lair: D:8-11         Orc: D:9-12      Vaults: D:13-14

Altars:
Ashenzari
Cheibriados
Dithmenos
Elyvilon
Fedhas
Gozag
Hepliaklqana
Kikubaaqudgha
Makhleb
Okawaru
Qazlal
Ru
Sif Muna
Trog
Uskayaw
Vehumet
Wu Jian
Xom
Yredelemnul
Zin
The Shining One

Shops:
D:2 :   D:4 [   D:6 (

Annotations:
D:4 1 runed translucent door, Flippered's ghost, amateur KoHu
D:11 3 runed translucent doors
D:12 2 transporters, Jorgrun; p0werm0de's ghost, journeyman MiFi
D:13 Erolcha


Innate Abilities, Weirdness & Mutations

You cannot wear most types of armour.
You are amphibious.
You can wear up to eight rings at the same time.
Your skin changes colour to match your surroundings (Stealth+).
Your rubbery body absorbs attacks. (AC +1, EV +1)
((You are camouflaged when in or above water. (Stealth+)))
You have tentacles for arms and can constrict up to eight enemies at once.


Message History

Sif Muna accepts your kill.
Your icy armour cracks and falls away as you move.
You open the door.
A fire bat, a vampire bat and a bat come into view.
Found a scroll of identify.
A shadow comes into view.
Found a scroll of fog.
Found a chain mail.
There is a stone staircase leading down here.
You climb downwards.
Found 7 stones, a scroll of fog and a scroll labelled CAOXOR NELA.
Found an escape hatch in the floor.
There is a stone staircase leading up here.
r - 2 scrolls of fog (gained 1)
A meliai comes into view.
Found a potion of invisibility.
You see here a scroll labelled CAOXOR NELA.
Okay, then.
Unknown command.
Found a blade talisman.
Erolcha the Cunning comes into view.
She is wielding a +5 giant club.
Found an orcbow.
Found a stone staircase leading up.
Erolcha gestures at you while chanting.
The fireball explodes!
The fireball engulfs you!!
* * * LOW HITPOINT WARNING * * *
You hear a shout!
You see here 7 stones.
Unknown command.
Unknown command.
Okay, then.
Unknown command.
Blink to where?
Press: ? - help, Dir - move target
As you read the scroll of blinking, it crumbles to dust.
You climb upwards.
Level annotation: 2 transporters, Jorgrun; p0werm0de's ghost, journeyman MiFi
There is a stone staircase leading down here.
Your extra speed is starting to run out.
You start resting.
You feel yourself slow down.
You start resting.
Magic restored.
You open the door. 2 scorpions and a giant cockroach come into view.
Found 12 gold pieces.
A giant cockroach comes into view.
There is an open door here.
Unknown command.
Casting: Sticky Flame (dangerous; 1% risk of failure)
Confirm with . or Enter, or press ? or * to list all spells.
You begin to radiate toxic energy.
The scorpion is poisoned. x2
The giant cockroach is poisoned.
You kill the giant cockroach!
Sif Muna accepts your kill.
The scorpion looks even sicker. x2
You kill the giant cockroach!
Sif Muna accepts your kill.
A giant cockroach comes into view.
You closely miss the scorpion. You grab the scorpion.
The scorpion is heavily wounded.
You kill the scorpion!
Sif Muna accepts your kill.
The giant cockroach is poisoned.
You constrict the scorpion, but do no damage.
The scorpion completely misses you.
You hit the scorpion.
You kill the scorpion!
Sif Muna accepts your kill.
You kill the giant cockroach!
Sif Muna accepts your kill.
Your toxic aura wanes.
Your Spellcasting skill increases to level 13! 2 giant cockroaches come into view.
Found a dagger.
You see here a scorpion corpse.
You hit the giant cockroach. You drain the giant cockroach.
You kill the giant cockroach!
Sif Muna accepts your kill.
A demonic crawler and a giant cockroach come into view.
Found a wand of flame (10).
The demonic crawler gives a hideous shriek!
The demonic crawler hits you! x2
* * * LOW HITPOINT WARNING * * *
The demonic crawler closely misses you.
You see here a scorpion corpse.
Press: ? - help, v - describe, . - travel
Here: a demonic crawler The floor.
Unknown command.
Unknown command.
Okay, then.
Casting: Olgreb's Toxic Radiance (safe; 1% risk of failure)
Confirm with . or Enter, or press ? or * to list all spells.
A film of ice covers your body! The demonic crawler hits you!
* * * LOW HITPOINT WARNING * * *
The demonic crawler hits you!
* * * LOW HITPOINT WARNING * * *
The demonic crawler hits you!
You die...

#. #. #. #. #. ## #
########### #
#/s@..#[..### #####
####.##.....# #....
#$B†#.....####.###
#..)#.'........<....
##B####.....####.###
#.B #.......##.# #
### # #.......##.###
..#.#.....>...[...
W.........####....


You could see a demonic crawler and a giant cockroach.

Vanquished Creatures
  Gastronok (D:8)
  Frances (D:12)
  Snorg (D:11)
  An ogre mage (D:11)
  11 two-headed ogres
  2 boulder beetles (D:11)
  A deep elf pyromancer (D:12)
  2 ugly things (D:11)
  A manticore (D:12)
  Maurice (D:6)
  An unseen horror (D:10)
  A kobold demonologist (D:12)
  Psyche (D:11)
  A wraith (D:11)
  A slime creature (D:12)
  11 yaks
  A vampire (D:10)
  A wyvern (D:10)
  3 vampire mosquitoes (D:11)
  An acid dragon (D:12)
  2 water moccasins
  3 orc warriors
  2 ice beasts (D:7)
  4 ogres
  A centaur (D:8)
  A kobold brigand (D:8)
  A weeping skull (Ossuary)
  2 bullfrogs
  2 gnoll sergeants
  4 scorpions
  2 burial acolytes (Ossuary)
  6 killer bees (D:11)
  3 howler monkeys
  A lava snake (D:9)
  A bombardier beetle (D:7)
  2 jellies
  2 centaur zombies (Ossuary)
  A human zombie (Ossuary)
  4 orc priests
  3 hounds
  2 iguanas
  9 orc wizards
  5 hound zombies (Ossuary)
  2 mummies (Ossuary)
  10 gnolls
  4 adders
  A white imp (D:6)
  6 ribbon worms
  23 orcs
  2 ball pythons
  9 bats
  6 endoplasms
  9 giant cockroaches
  2 goblins
  2 hobgoblins (D:3)
  A quokka (D:1)
  2 frilled lizards (D:2)
  6 gnoll zombies (Ossuary)
  5 kobolds
  2 orc zombies (Ossuary)
  5 rats
204 creatures vanquished.

Vanquished Creatures (others)
  2 orc wizards (D:6)
2 creatures vanquished.

Grand Total: 206 creatures vanquished

Notes
Turn   | Place    | Note
-------+----------+-------------------------------------------
     0 | D:1      | Flugslaktarn the Octopode Alchemist began the quest for the
                  | Orb.
     0 | D:1      | Reached XP level 1. HP: 11/11 MP: 3/3
    95 | D:1      | Found a faded altar of an unknown god.
   136 | D:1      | Reached XP level 2. HP: 17/17 MP: 3/5
   363 | D:2      | Found Gyappemezo's Book Boutique.
   377 | D:2      | Found a stormy altar of Qazlal.
   523 | D:2      | Reached XP level 3. HP: 13/21 MP: 2/6
  1119 | D:3      | Found a glowing silver altar of Zin.
  1336 | D:3      | Reached XP level 4. HP: 18/27 MP: 1/8
  1973 | D:4      | Reached skill level 5 in Alchemy
  1991 | D:4      | Reached skill level 3 in Spellcasting
  2013 | D:4      | Reached XP level 5. HP: 20/31 MP: 2/9
  2019 | D:4      | Noticed Flippered's ghost (amateur KoHu)
  2029 | D:4      | Found a runed translucent door.
  2237 | D:4      | Learned a level 4 spell: Olgreb's Toxic Radiance
  2242 | D:4      | Learned a level 4 spell: Sticky Flame
  2396 | D:4      | Found Tetoj's Antique Armour Shop.
  2710 | D:5      | Entered Level 5 of the Dungeon
  2800 | D:5      | Noticed an ogre
  2816 | D:5      | Killed an ogre
  2817 | D:5      | Reached XP level 6. HP: 36/36 MP: 11/11
  2860 | D:5      | Reached skill level 4 in Spellcasting
  3092 | D:6      | Noticed an orc warrior
  3093 | D:6      | Reached XP level 7. HP: 41/41 MP: 13/13
  3153 | D:6      | Found Jioburphu's Antique Weapon Boutique.
  3256 | D:6      | Found a staircase to the Ecumenical Temple.
  3272 | Temple   | Entered the Ecumenical Temple
  3443 | D:6      | Reached XP level 8. HP: 17/46 MP: 13/15
  3465 | D:6      | Identified the ring of the Rose {AC+4 Str+5 Stlth-}
  3669 | D:7      | Noticed Maurice
  3672 | D:7      | Maurice stole a +2 dagger of protection
  3674 | D:6      | Maurice stole a ring of fire
  3680 | D:6      | Maurice stole 293 gold
  3681 | D:6      | HP: 2/43 [Maurice/+4 short sword of draining (5)]
  3682 | D:6      | Killed Maurice
  3683 | D:6      | Reached skill level 5 in Spellcasting
  3712 | D:6      | Found a sand-covered staircase.
  3732 | Ossuary  | Entered an ossuary
  3870 | Ossuary  | Found an ancient bone altar of Kikubaaqudgha.
  3917 | Ossuary  | Learned a level 3 spell: Ozocubu's Armour
  4074 | Ossuary  | Reached skill level 1 in Fighting
  4074 | Ossuary  | Reached skill level 1 in Fire Magic
  4074 | Ossuary  | Reached skill level 1 in Ice Magic
  4397 | D:8      | Noticed a two-headed ogre
  4444 | D:7      | Reached XP level 9. HP: 54/54 MP: 17/17
  4599 | D:7      | Paralysed by an orc warrior for 4 turns
  4604 | D:7      | Paralysed by an orc warrior for 3 turns
  4659 | D:7      | Reached skill level 1 in Evocations
  4677 | D:7      | Found a white marble altar of Elyvilon.
  4679 | D:7      | Found a broken altar of Ashenzari.
  4681 | D:7      | Found a radiant altar of Vehumet.
  4682 | D:7      | Found a bloodstained altar of Trog.
  4683 | D:7      | Found a shimmering blue altar of Sif Muna.
  4683 | D:7      | Found an ancient bone altar of Kikubaaqudgha.
  4685 | D:7      | Found a basalt altar of Yredelemnul.
  4688 | D:7      | Found a shadowy altar of Dithmenos.
  4692 | D:7      | Became a worshipper of Sif Muna the Loreminder
  4724 | D:8      | Killed a two-headed ogre
  4725 | D:8      | Reached skill level 6 in Spellcasting
  4725 | D:8      | Reached skill level 1 in Invocations
  4809 | D:8      | Noticed a two-headed ogre
  4819 | D:8      | Killed a two-headed ogre
  4820 | D:8      | Reached skill level 5 in Fighting
  4820 | D:8      | Reached XP level 10. HP: 28/66 MP: 8/19
  4841 | D:8      | Found an opulent altar of Gozag.
  4847 | D:8      | Noticed Gastronok
  4851 | D:8      | HP: 2/66 [Gastronok/the air (30)]
  4939 | D:9      | Noticed a two-headed ogre
  5002 | D:9      | Reached skill level 7 in Spellcasting
  5061 | D:9      | Reached * piety under Sif Muna
  5113 | D:10     | Entered Level 10 of the Dungeon
  5280 | D:8      | Killed Gastronok
  5281 | D:8      | Reached skill level 8 in Spellcasting
  5283 | D:8      | Reached skill level 9 in Spellcasting
  5383 | D:9      | Noticed a two-headed ogre
  5422 | D:10     | Noticed an unseen horror
  5424 | D:10     | Killed an unseen horror
  5433 | D:10     | Found a burning altar of Makhleb.
  5455 | D:11     | Noticed a two-headed ogre
  5460 | D:11     | Noticed a two-headed ogre
  5481 | D:11     | Found a runed translucent gate.
  5482 | D:11     | Found a runed translucent gate.
  5482 | D:11     | Found a runed translucent gate.
  5482 | D:11     | Noticed a spectral centaur warrior
  5517 | D:11     | Noticed Psyche
  5527 | D:11     | Killed Psyche
  5528 | D:11     | Reached XP level 11. HP: 54/72 MP: 21/24
  5560 | D:12     | Noticed Frances
  5566 | D:12     | Noticed a sun demon
  5566 | D:12     | Noticed a soul eater
  5585 | D:12     | Killed Frances
  5586 | D:12     | Reached skill level 10 in Spellcasting
  5608 | D:12     | Noticed a deep troll earth mage
  5609 | D:12     | Found a transporter.
  5609 | D:12     | Noticed p0werm0de's ghost (journeyman MiFi)
  5609 | D:12     | Noticed a two-headed ogre
  5669 | D:11     | Noticed a two-headed ogre
  5790 | D:11     | Noticed a two-headed ogre
  5795 | D:11     | Noticed a two-headed ogre
  5808 | D:11     | Killed a two-headed ogre
  5809 | D:11     | Reached skill level 5 in Dodging
  5813 | D:11     | Killed a two-headed ogre
  5824 | D:11     | Noticed an ogre mage
  5824 | D:11     | Noticed a two-headed ogre
  5824 | D:11     | Noticed a two-headed ogre
  5838 | D:11     | Killed a two-headed ogre
  5844 | D:11     | Killed an ogre mage
  5844 | D:11     | Killed a two-headed ogre
  5845 | D:11     | Reached skill level 5 in Invocations
  5845 | D:11     | Reached skill level 5 in Evocations
  5845 | D:11     | Noticed a two-headed ogre
  5856 | D:11     | Killed a two-headed ogre
  5867 | D:11     | Noticed a two-headed ogre
  5868 | D:11     | Noticed a boulder beetle
  5890 | D:11     | Killed a two-headed ogre
  5893 | D:11     | Killed a boulder beetle
  5894 | D:11     | Reached skill level 11 in Spellcasting
  5918 | D:11     | Noticed a purple ugly thing
  5921 | D:11     | Noticed a purple ugly thing
  5938 | D:11     | Killed a purple ugly thing
  5939 | D:11     | Reached XP level 12. HP: 51/79 MP: 2/27
  6011 | D:11     | Killed a two-headed ogre
  6049 | D:11     | Reached ** piety under Sif Muna
  6050 | D:11     | Reached skill level 12 in Spellcasting
  6066 | D:11     | Learned a level 3 spell: Stone Arrow
  6085 | D:11     | Killed a two-headed ogre
  6086 | D:11     | Reached skill level 1 in Earth Magic
  6091 | D:11     | Noticed Snorg
  6121 | D:11     | Killed Snorg
  6320 | D:11     | Noticed a boulder beetle
  6328 | D:11     | Killed a boulder beetle
  6385 | D:11     | Killed a two-headed ogre
  6446 | D:12     | Noticed a centaur warrior
  6452 | D:12     | Found a transporter.
  6468 | D:12     | Noticed Jorgrun
  6558 | D:13     | Noticed Erolcha
  6667 | D:12     | Reached skill level 13 in Spellcasting
  6669 | D:12     | Noticed a demonic crawler
  6671 | D:12     | Slain by a demonic crawler

Illustrated notes

Levels and vault maps discovered:
D:1:      minmay_arrival_diagonal_passages, layout_loops_cross,
          basic_ecumenical_altar
D:2:      layout_loops_cross, serial_shops, nicolae_shop_tiny_glass,
          basic_altar, item_on_display_a
D:3:      layout_loops_cross, zin_scriptorium, hangedman_decor_growths,
          nrook_uturn, kennysheep_nub, minivault_23, minivault_11,
          mrwooster_statue_mirror
D:4:      layout_loops_ring, serial_shops, shop_fountains,
          hellmonk_ghost_happy_afterlife
D:5:      layout_basic, serial_bayou_crossing, uniq_blork_the_orc
D:6:      layout_basic, minmay_temple_entry_offerings,
          nicolae_ossuary_entry_false_entrances, serial_shops,
          nicolae_shop_scrapyard, uniq_duvessa
D:7:      layout_loops_ring, nemelex_diamond_rough_becter, minitemple,
          billiards_dpeg, uniq_maurice
D:8:      layout_cave_pools, nicolae_gozag_seed_capital, uniq_gastronok
D:9:      layout_loops_ring, dpeg_lair_monsters, orc_0_dummy,
          minmay_crystal_room, kennysheep_pointless_box
D:10:     layout_rooms, bloody_makhleb, nicolae_qazlal_style_of_elements,
          nicolae_figureground_sparkle
D:11:     layout_basic, gammafunk_ghost_necromancy, minmay_misc_feat_roman,
          grunt_ministairs_14, uniq_psyche, uniq_snorg
D:12:     layout_loops_ring, gammafunk_ghost_arena,
          hangedman_parallel_progression, uniq_jorgrun, uniq_frances
D:13:     layout_cave_pools, erik_vaults_2, gammafunk_ghost_smash, uniq_erolcha
Temple:   nicolae_temple_bog_church

Skill      XL: |  1  2  3  4  5  6  7  8  9 10 11 12 |
---------------+-------------------------------------+-----
Alchemy        | 4 5 6 7 8 9 |  9.6
Spellcasting   | 3 4 5 6 9 11 13 | 13.0
Fighting       | 2 5 6 |  6.0
Fire Magic     | 2 4 |  4.0
Ice Magic      | 2 3 |  3.0
Evocations     | 4 6 |  6.0
Invocations    | 3 4 6 |  6.0
Dodging        | 5 |  5.0
Earth Magic    | 3 |  3.0
Conjurations   | 3 |  3.0
Stealth        | |  2.6

Action                     |  1- 3 |  4- 6 |  7- 9 | 10-12 || total
---------------------------+-------+-------+-------+-------++-------
  Melee: Dagger            |    16 |       |       |       ||    16
         Constrict         |    10 |     9 |    25 |    13 ||    57
         Long sword        |    27 |    26 |    26 |       ||    79
         Tentacles         |     8 |     8 |    32 |    42 ||    90
         Short sword       |       |       |   106 |   113 ||   219
         Punch             |       |       |     1 |     1 ||     2
   Cast: Sting             |    50 |    38 |    14 |    10 ||   112
         Olgreb's Toxic Ra |       |     3 |    18 |    76 ||    97
         Sticky Flame      |       |       |     7 |    20 ||    27
         Ozocubu's Armour  |       |       |     2 |     9 ||    11
         Stone Arrow       |       |       |       |     1 ||     1
  Evoke: Wand              |       |       |     1 |     9 ||    10
    Use: Scroll            |       |       |    12 |     8 ||    20
         Potion            |       |       |     3 |     7 ||    10
   Stab: Sleeping          |     3 |       |     4 |       ||     7
         Paralysed         |       |       |       |    15 ||    15
 Armour: Skin              |    23 |    14 |    65 |    71 ||   173
  Dodge: Dodged            |    44 |    24 |   144 |   119 ||   331

Table legend: (Time is in decaauts)
 A = Elapsed time spent in this place.
 B = Non-inter-level travel time spent in this place.
 C = Inter-level travel time spent in this place.
 D = Time resting spent in this place.
 E = Time spent auto-exploring this place.
 F = Levels seen in this place.
 G = Mean time per level.
                   A        B        C        D        E       F      G
               +--------+--------+--------+--------+--------+-----+--------+
         Total |   6711 |   6324 |    387 |    346 |   2534 |  15 |  447.4 |
       Dungeon |   6118 |   5731 |    387 |    216 |   2291 |  13 |  470.6 |
        Temple |      1 |      1 |      0 |      0 |      0 |   1 |    1.0 |
       Ossuary |    591 |    591 |      0 |    130 |    243 |   1 |  591.0 |
               +--------+--------+--------+--------+--------+-----+--------+

Top non-repeatable levels by time:
     D:3: 1292 daAuts
     D:4: 757 daAuts
    D:11: 752 daAuts
     D:6: 699 daAuts
 Ossuary: 591 daAuts
     D:8: 402 daAuts
    D:12: 381 daAuts
     D:7: 374 daAuts
     D:5: 347 daAuts
     D:1: 343 daAuts
     D:2: 328 daAuts
     D:9: 289 daAuts
    D:10: 139 daAuts
    D:13: 10 daAuts
  Temple: 1 daAuts
